 Dungeon Crawl Stone Soup version 0.29-a0-409-gd843f3a48c (webtiles) character file.

Game seed: 4453686916808299975

105158 quinnr the Stormcaller (level 16, -1/104 HPs)
             Began as a Tengu Air Elementalist on May 13, 2022.
             Was a High Priest of Ashenzari.
             Slain by a freezing wraith (11 damage)
             ... in an ice cave.
             The game lasted 01:32:38 (33027 turns).

quinnr the Stormcaller (Tengu Air Elementalist)    Turns: 33027, Time: 01:32:38

Health: -1/104     AC:  7    Str:  9    XL:     16   Next: 40%
Magic:  34/34      EV: 25    Int: 26    God:    Ashenzari [*****.]
Gold:   1798       SH:  5    Dex: 15    Spells: 3/41 levels left

rFire   + . .      SeeInvis +   G - staff of air (curse) {Bglg, Evo}
rCold   + . .      Faith    .   X - +0 buckler of Ashenzari's Seer {Comp, Self} (curse)
rNeg    + . .      Spirit   .   I - +0 steam dragon scales of Panopticon {Elem, Alch} (curse)
rPois   +          Reflect  .   (helmet restricted)
rElec   +          Harm     .   F - +0 cloak "Shattered Repose" {Range, Bglg} (curse)
rCorr   +          Rampage  .   T - +0 pair of gloves "Tethered Unpleasantness" {Fort, Cun} (curse)
Will    ++...      Clarity  +   (boots unavailable)
Stlth   ++++......              k - amulet "Chained Anxiety" {RegenMP, Elem, Bglg} (curse)
HPRegen 0.27/turn               O - ring "Eternal Prison" {rPois rN+ Will+ rCorr Int+3, Melee, Elem} (curse)
MPRegen 0.64/turn               R - ring "Lashed Together" {Wiz, Evo, Bglg} (curse)

@: brilliant, resistant, flying quickly and evasively, slowed, studying Earth
Magic, very slow
A: beak, talons 3, nimble flight
a: Renounce Religion, Curse Item, Shatter the Chains


You were in an ice cave.
You worshipped Ashenzari.
Ashenzari was extremely pleased with you.
You visited 6 branches of the dungeon, and saw 24 of its levels.
You also visited: Bailey and Ice Cave.

You collected 2623 gold pieces.
You spent 825 gold pieces at shops.

Inventory:

Hand Weapons
 j - a +1 vorpal hunting sling
Missiles
 x - 27 curare-tipped darts
 K - 4 atropa-tipped darts
 L - 24 poisoned darts
 M - 4 datura-tipped darts
Armour
 F - the cursed +0 cloak "Shattered Repose" (worn) {Range, Bglg}
   (You took it off Crazy Yiuf on level 7 of the Dungeon)

   It has a curse which improves the following skills: Ranged Combat: Slings,
   Bows, Crossbows and Throwing.
   Beguiling: Conjurations, Hexes and Translocations.
 I - the cursed +0 steam dragon scales of Panopticon (worn) {Elem, Alch}
   (You found it on level 9 of the Dungeon)

   It has a curse which improves the following skills: Elements: Fire Magic, Ice
   Magic, Air Magic and Earth Magic.
   Alchemy:   Poison Magic and Transmutations.
 T - the cursed +0 pair of gloves "Tethered Unpleasantness" (worn) {Fort, Cun}
   (You found it on level 2 of the Lair of Beasts)

   It has a curse which improves the following skills: Fortitude: Armour and
   Shields.
   Cunning:   Dodging and Stealth.
 X - the cursed +0 buckler of Ashenzari's Seer (worn) {Comp, Self}
   (You found it on level 3 of the Lair of Beasts)

   It has a curse which improves the following skills: Companions: Summonings
   and Necromancy.
   Introspection: Fighting and Spellcasting.
Magical Staves
 G - a cursed staff of air (weapon) {Bglg, Evo}
Jewellery
 k - the cursed amulet "Chained Anxiety" (around neck) {RegenMP, Elem, Bglg}
   (You found it on level 2 of the Dungeon)

   [amulet of magic regeneration]

   It increases your rate of magic regeneration.
   It has a curse which improves the following skills: Elements: Fire Magic, Ice
   Magic, Air Magic and Earth Magic.
   Beguiling: Conjurations, Hexes and Translocations.
 J - the ring "Vom Vur" {Fly rPois Str+3 Int-5}
   (You found it in a bailey)

   [ring of flight]

   Str:       It affects your strength (+3).
   Int:       It affects your intelligence (-5).
   rPois:     It protects you from poison.
   Fly:       It grants you flight.
 O - the cursed ring "Eternal Prison" (left hand) {rPois rN+ Will+ rCorr Int+3, Melee, Elem}
   (You acquired it on level 1 of the Lair of Beasts)

   [ring of resist corrosion]

   Int:       It affects your intelligence (+3).
   rPois:     It protects you from poison.
   rN:        It protects you from negative energy.
   rCorr:     It protects you from acid and corrosion.
   Will:      It increases your willpower.
   It has a curse which improves the following skills: Melee Combat: Short
   Blades, Long Blades, Axes, Maces & Flails, Polearms, Staves and Unarmed
   Combat.
   Elements:  Fire Magic, Ice Magic, Air Magic and Earth Magic.
 R - the cursed ring "Lashed Together" (right hand) {Wiz, Evo, Bglg}
   (You found it on level 1 of the Lair of Beasts)

   [ring of wizardry]

   It improves your spell success rate.
   It has a curse which improves the following skills: Evocations: Evocations.
   Beguiling: Conjurations, Hexes and Translocations.
 Z - a ring of ice
Wands
 l - a wand of acid (8)
 v - a wand of paralysis (4)
 Q - a wand of polymorph (10)
 U - a wand of mindburst (7)
 Y - a wand of iceblast (9)
Scrolls
 d - 3 scrolls of immolation
 f - 6 scrolls of enchant weapon
 g - 3 scrolls of fear
 i - 7 scrolls of vulnerability
 p - a scroll of summoning
 q - 2 scrolls of poison
 s - 4 scrolls of enchant armour
 t - 4 scrolls of amnesia
 w - 11 scrolls of teleportation
 y - 5 scrolls of magic mapping
 P - 2 scrolls of fog
 S - 2 scrolls of silence
Potions
 a - a potion of invisibility
 b - 2 potions of magic
 c - a potion of haste
 e - 2 potions of resistance
 h - a potion of ambrosia
 n - 6 potions of curing
 o - 2 potions of berserk rage
 r - 2 potions of mutation
 u - 3 potions of brilliance
 z - 3 potions of might
 D - 2 potions of heal wounds
 E - 2 potions of lignification
 H - 4 potions of cancellation


   Skills:
 - Level 10.7(13.0) Fighting
 + Level 15.4(17.6) Dodging
 - Level 8.0(10.3) Stealth
 - Level 2.2(4.0) Shields
 - Level 10.7(13.0) Spellcasting
 - Level 1.3(4.5) Conjurations
 + Level 0.0(0.2) Summonings
 - Level 0.8(3.0) Fire Magic
 - Level 2.9(6.5) Ice Magic
 + Level 18.8(23.1) Air Magic
 + Level 11.9(14.2) Poison Magic
 - Level 2.9(5.7) Evocations


You had 3 spell levels left.
You knew the following spells:

 Your Spells              Type           Power      Damage    Failure   Level
a - Shock                 Conj/Air       100%       1d9       0%          1
b - Static Discharge      Conj/Air       100%       N/A       0%          2
c - Poisonous Vapours     Pois/Air       100%       N/A       0%          2
d - Airstrike             Air            71%        N/A       0%          4
e - Corpse Rot            Necr/Air       100%       N/A       1%          2
f - Mephitic Cloud        Conj/Pois/Air  100%       N/A       1%          3
g - Olgreb's Toxic Radia  Pois           94%        N/A       1%          4
h - Freezing Cloud        Conj/Ice/Air   53%        6-21      1%          5
i - Ignite Poison         Fire/Tmut/Pois 63%        N/A       1%          3
j - Summon Lightning Spi  Summ/Air       100%       N/A       1%          4
k - Maxwell's Capacitive  Air            71%        ∞         1%          8

Your spell library contained the following spells:

 Spells                   Type           Power      Damage    Failure   Level
 Swiftness                Air            100%       N/A       0%          3
 Pain                     Necr           100%       1d9       1%          1
 Slow                     Hex            100%       N/A       1%          1
 Sting                    Tmut/Pois      100%       1d8       1%          1
 Ensorcelled Hibernation  Hex/Ice        100%       N/A       1%          2
 Scorch                   Fire           96%        2d10      1%          2
 Frozen Ramparts          Ice            100%       1d12      1%          3
 Ozocubu's Armour         Ice            66%        N/A       1%          3
 Spider Form              Tmut/Pois      69%        N/A       1%          3
 Stone Arrow              Conj/Erth      90%        3d12      1%          3
 Passwall                 Tmut/Erth      24%        N/A       2%          2
 Gell's Gravitas          Tloc           31%        N/A       3%          3
 Teleport Other           Tloc           31%        N/A       3%          3
 Confusing Touch          Hex            31%        N/A       4%          3
 Tukima's Dance           Hex            31%        N/A       4%          3
 Vampiric Draining        Necr           27%        2d7       4%          3
 Flame Wave               Conj/Fire      53%        2d11      3%          4
 Ice Form                 Ice/Tmut       51%        N/A       4%          4
 Summon Ice Beast         Ice/Summ       51%        N/A       4%          4
 Passage of Golubria      Tloc           31%        N/A       12%         4
 Storm Form               Tmut/Air       54%        N/A       12%         7
 Anguish                  Hex/Necr       14%        N/A       14%         4
 Animate Armour           Summ/Erth      56%        N/A       14%         4
 Petrify                  Tmut/Erth      29%        N/A       14%         4
 Dispel Undead            Necr           27%        3d13      16%         4
 Summon Forest            Summ/Tloc      14%        N/A       34%         5
 Summon Mana Viper        Hex/Summ       29%        N/A       34%         5
 Yara's Violent Unravell  Hex/Tmut       14%        3d7       34%         5
 Agony                    Necr           27%        N/A       38%         5
 Excruciating Wounds      Necr           13%        N/A       38%         5
 Ozocubu's Refrigeration  Ice            33%        4d11      65%         7
 Dispersal                Tloc           15%        N/A       86%         6
 Statue Form              Tmut/Erth      19%        N/A       89%         6
 Death Channel            Necr           13%        N/A       90%         6
 Summon Cactus Giant      Summ           13%        N/A       90%         6
 Malign Gateway           Summ/Tloc      14%        N/A       100%        7
 Lehudib's Crystal Spear  Conj/Erth      22%        10d6      100%        8
 Summon Horrible Things   Summ           13%        N/A       100%        8


Dungeon Overview and Level Annotations

Branches:
Dungeon (10/15)            Temple (1/1) D:6            Lair (6/6) D:8
 Shoals (4/4) Lair:3        Snake (1/4) Lair:3        Slime (0/5) Lair:5
    Orc (2/2) D:9             Elf (0/3) Orc:2        Bailey (visited)
  IceCv (1/1)

Altars:
Ashenzari
Cheibriados
Dithmenos
Elyvilon
Fedhas
Gozag
Hepliaklqana
Kikubaaqudgha
Makhleb
Nemelex Xobeh
Okawaru
Qazlal
Ru
Sif Muna
Trog
Uskayaw
Vehumet
Wu Jian
Xom
Yredelemnul
Zin
The Shining One
Beogh
Jiyva

Shops:
D:1 :   Orc:2 [*=

Annotations:
D:5 exclusion: downstairs
Lair:2 exclusion: orange crystal statue
Shoals:1 exclusions: merfolk and wind drake IceCv 1 transporter, exclusion: orange crystal statue


Innate Abilities, Weirdness & Mutations

You have a beak for a mouth.
You have claws for feet.
Your magical nature lets you fly swiftly and evasively.


Message History

The freezing wraith hits you. The freezing wraith freezes you! You resist.
The freezing wraith closely misses you.
The white very ugly thing looks even sicker.
The white very ugly thing completely misses you.
Your lightning spire shoots out a bolt of lightning at the white very ugly thing!
The bolt of electricity hits the white very ugly thing!!
The freezing wraith attacks as you move away!
The freezing wraith completely misses you. x2
The white very ugly thing looks as sick as possible!
The white very ugly thing engulfs you. The white very ugly thing freezes you!!
You resist.
* * * LOW HITPOINT WARNING * * *
The orange crystal statue glitters.
Send 'em back where they came from!
Your lightning spire disappears in a puff of smoke!
The white very ugly thing completely misses you.
The freezing wraith completely misses you.
You block the freezing wraith's attack. The freezing wraith hits you!
* * * LOW HITPOINT WARNING * * *
The freezing wraith freezes you! You resist.
* * * LOW HITPOINT WARNING * * *
The freezing wraith hits you!
* * * LOW HITPOINT WARNING * * *
Unknown command.
Unknown command.
Unknown command.
Okay, then.
You feel much better.
Your toxic aura wanes.
The white very ugly thing engulfs you.
* * * LOW HITPOINT WARNING * * *
The white very ugly thing freezes you! You resist.
* * * LOW HITPOINT WARNING * * *
The freezing wraith barely misses you.
The freezing wraith closely misses you. x2
The freezing wraith hits you but does no damage.
The white very ugly thing closely misses you.
The freezing wraith barely misses you. You block the freezing wraith's attack.
The orange crystal statue glitters.
You resist with some effort. The freezing wraith hits you!
You die...

###....8...8....#
###.............#
####....?[.....##
####...[.©.....#
#####...8©8...##
###############
####8..©§.8###
*#8.....W.8##
*#8......u@.8#*
#.....))$W....#
#∩...?)8)$...©#
###############


You could see a white very ugly thing (very poisoned), an orange crystal statue
and 2 freezing wraiths.

Vanquished Creatures
  3 krakens (Shoals:3)
  Ilsuiw (Shoals:2)
  Roxanne (Shoals:2)
  Louise (Shoals:3)
  2 orc warlords
  A dire elephant (Lair:6)
  Snorg (Lair:6)
  5 merfolk impalers
  3 merfolk javelineers (Shoals:2)
  Fannar (Lair:3)
  A hydra (Lair:1)
  3 catoblepae
  A boulder beetle (Lair:5)
  The ghost of freelancePsychic the Prestidigitator, a journeyman GnAr of Ru (Lair:1)
  2 centaur warriors (Shoals:3)
  6 death yaks (Lair:6)
  3 two-headed ogres
  An alligator snapping turtle (Shoals:2)
  2 merfolk avatars
  2 merfolk aquamancers
  4 satyrs
  A deep troll shaman (Lair:6)
  3 orc high priests (Orc:2)
  Urug (Lair:6)
  Sonja (Lair:2)
  4 sea snakes
  13 harpies
  5 orc knights
  5 orc sorcerers
  3 cyclopes
  5 manticores
  11 fauns
  7 elephants
  5 black mambas
  7 merfolk sirens
  4 water nymphs
  Maggie (Lair:1)
  9 cane toads
  7 rime drakes
  10 komodo dragons
  An anaconda simulacrum (IceCv)
  A golden dragon simulacrum (IceCv)
  A troll (D:9)
  3 wind drakes (Shoals:1)
  3 polar bears
  A hornet (D:7)
  29 merfolk
  11 dream sheep
  18 blink frogs
  6 snapping turtles
  10 water elementals
  40 yaks
  2 wraiths
  3 wyverns
  9 basilisks
  A steam dragon (D:9)
  2 wargs (D:9)
  18 water moccasins
  2 nagas (Lair:3)
  5 black bears
  A hydra simulacrum (Lair:1)
  32 orc warriors
  5 ogres
  16 wolves
  5 centaurs
  7 kobold brigands
  4 phantoms
  3 necrophages
  18 bullfrogs
  A gnoll sergeant (D:6)
  3 scorpions
  2 jellies (D:4)
  An elephant simulacrum (Lair:1)
  A killer bee (D:10)
  A blink frog simulacrum (Lair:1)
  A lindwurm simulacrum (IceCv)
  3 howler monkeys
  An electric eel (Lair:1)
  2 gnoll shamans
  22 orc priests
  A wyvern simulacrum (Lair:1)
  Crazy Yiuf (D:7)
  7 hounds
  3 iguanas
  26 orc wizards
  2 yak simulacra (Lair:1)
  5 adders
  19 gnolls
  A shadow imp (D:8)
  2 ufetubi
  3 worms
  2 dart slugs
  73 orcs
  4 endoplasms
  4 giant cockroaches
  16 goblins
  9 hobgoblins
  A jackal (D:4)
  5 quokkas
  5 ball pythons
  6 bats
  18 kobolds
  3 rats
  2 tentacles (Shoals:3)
660 creatures vanquished.

Vanquished Creatures (collateral kills)
  A very ugly thing (IceCv)
  A caustic shrike simulacrum (IceCv)
  An anaconda simulacrum (IceCv)
  A dire elephant simulacrum (IceCv)
  A hydra simulacrum (IceCv)
  An ettin simulacrum (IceCv)
6 creatures vanquished.

Vanquished Creatures (others)
  2 bushes (Lair:4)
  A butterfly (D:3)
  70 fungi
  118 plants
  13 tentacles (Shoals:3)
204 creatures vanquished.

Grand Total: 870 creatures vanquished

Notes
Turn   | Place    | Note
-------+----------+-------------------------------------------
     0 | D:1      | quinnr the Tengu Air Elementalist began the quest for the
                  | Orb.
     0 | D:1      | Reached XP level 1. HP: 10/10 MP: 4/4
   105 | D:1      | Found Xuoquof's Book Boutique.
   422 | D:1      | Reached XP level 2. HP: 14/15 MP: 0/6
   728 | D:1      | Reached skill level 5 in Air Magic
  1675 | D:2      | Reached XP level 3. HP: 19/19 MP: 1/7
  2049 | D:3      | Found a bloodstained altar of Trog.
  2158 | D:2      | Learned a level 2 spell: Static Discharge
  2355 | D:3      | Found a white marble altar of Elyvilon.
  2450 | D:3      | Found a stormy altar of Qazlal.
  2535 | D:3      | Reached XP level 4. HP: 24/24 MP: 6/8
  2547 | D:3      | Found a faded altar of an unknown god.
  2574 | D:3      | Reached skill level 6 in Air Magic
  3025 | D:3      | Found a broken altar of Ashenzari.
  3085 | D:3      | Became a worshipper of Ashenzari the Shackled
  3197 | D:4      | Gained mutation: Your magical nature lets you fly swiftly
                  | and evasively. [Tengu growth]
  3197 | D:4      | Reached XP level 5. HP: 19/28 MP: 1/9
  3303 | D:4      | Reached skill level 7 in Air Magic
  3418 | D:3      | Learned a level 2 spell: Poisonous Vapours
  3668 | D:4      | Reached XP level 6. HP: 31/33 MP: 8/10
  3944 | D:4      | Reached skill level 1 in Fighting
  4098 | D:4      | Reached skill level 8 in Air Magic
  4098 | D:4      | Reached skill level 1 in Poison Magic
  4440 | D:4      | Reached XP level 7. HP: 18/38 MP: 10/12
  4877 | D:4      | Learned a level 4 spell: Airstrike
  5395 | D:4      | Reached skill level 5 in Dodging
  5511 | D:4      | Reached skill level 9 in Air Magic
  5864 | D:5      | Entered Level 5 of the Dungeon
  5900 | D:5      | Reached XP level 8. HP: 24/43 MP: 10/13
  7084 | D:6      | Found a shimmering altar of Xom.
  7135 | D:6      | Noticed a yak
  7403 | D:5      | HP: 1/45 [orc wizard/puff of flame (6)]
  7834 | D:6      | Noticed a komodo dragon
  8114 | D:6      | Noticed a yak
  8114 | D:6      | Noticed a yak
  8374 | D:5      | Killed a komodo dragon
  8562 | D:5      | Killed a yak
  8563 | D:5      | Reached XP level 9. HP: 51/52 MP: 10/16
  8585 | D:6      | Reached skill level 5 in Stealth
  8585 | D:6      | Reached skill level 5 in Poison Magic
  8710 | D:6      | Reached skill level 5 in Spellcasting
  8741 | D:6      | Identified the +2 whip of Inflation {freeze, rC+ Int+4
                  | Dex+5}
  8892 | D:6      | Reached skill level 10 in Air Magic
  9630 | D:6      | Found a staircase to the Ecumenical Temple.
  9640 | Temple   | Entered the Ecumenical Temple
  9971 | D:7      | Noticed a hornet
  9974 | D:7      | Killed a hornet
  9975 | D:7      | Reached skill level 11 in Air Magic
 10273 | D:7      | Reached skill level 12 in Air Magic
 10296 | D:7      | Reached XP level 10. HP: 56/56 MP: 14/18
 10353 | D:7      | Found a runed translucent door.
 10354 | D:7      | Noticed Crazy Yiuf
 10679 | D:7      | Killed Crazy Yiuf
 10747 | D:8      | Found a radiant altar of Vehumet.
 10751 | D:8      | Noticed a two-headed ogre
 10831 | D:7      | Killed a two-headed ogre
 10884 | D:8      | Found a shadowy altar of Dithmenos.
 11058 | D:8      | Found a glowing golden altar of the Shining One.
 11087 | D:8      | Found a staircase to the Lair.
 11111 | D:8      | Reached skill level 13 in Air Magic
 11741 | D:8      | Reached * piety under Ashenzari
 11745 | D:8      | Noticed a cyclops
 11756 | D:8      | Killed a cyclops
 12184 | D:9      | Noticed a two-headed ogre
 12207 | D:8      | Killed a two-headed ogre
 12208 | D:8      | Reached skill level 5 in Fighting
 12208 | D:8      | Reached XP level 11. HP: 63/63 MP: 9/19
 12815 | D:9      | Found an ornate altar of the Wu Jian Council.
 12837 | D:9      | Noticed a two-headed ogre
 12844 | D:9      | Killed a two-headed ogre
 12845 | D:9      | Reached skill level 10 in Dodging
 12953 | D:9      | Found a staircase to the Orcish Mines.
 13323 | D:10     | Entered Level 10 of the Dungeon
 13323 | D:10     | Found a snail-covered altar of Cheibriados.
 13613 | D:10     | Found a flagged portal.
 13628 | Bailey   | Entered a bailey
 13632 | Bailey   | Learned a level 2 spell: Corpse Rot
 13820 | Bailey   | Noticed an orc knight
 13837 | Bailey   | Killed an orc knight
 13899 | Bailey   | Identified the +6 long sword "Jitowenk" {vamp, Contam
                  | *Noise rElec Str+8 Int+2}
 13975 | Bailey   | Identified the ring "Vom Vur" {Fly rPois Str+3 Int-5}
 13976 | Bailey   | Found a bloodstained altar of Trog.
 14289 | Lair:1   | Entered Level 1 of the Lair of Beasts
 14371 | Lair:1   | Reached ** piety under Ashenzari
 14391 | Lair:1   | Found a runed translucent gate.
 14391 | Lair:1   | Found a runed translucent gate.
 14391 | Lair:1   | Found a runed translucent gate.
 14416 | Lair:1   | Noticed an eight-headed hydra
 14424 | Lair:1   | HP: 3/64 [eight-headed hydra (9)]
 14427 | Lair:1   | Killed an eight-headed hydra
 15047 | Lair:1   | Reached XP level 12. HP: 53/70 MP: 20/22
 15201 | Lair:1   | Noticed Maggie
 15214 | Lair:1   | Killed Maggie
 15355 | Lair:1   | Identified a scroll of acquirement
 15482 | Lair:1   | Acquired the ring of Ingitu {rPois rN+ Will+ rCorr Int+3}
 15919 | Lair:1   | Noticed freelancePsychic's ghost (journeyman GnAr)
 16269 | Lair:2   | Reached skill level 1 in Evocations
 16430 | Lair:2   | Noticed Sonja
 16439 | Lair:2   | Killed Sonja
 17533 | D:1      | Bought a Trismegistus Codex for 392 gold pieces
 17533 | D:1      | Bought a Young Poisoner's Handbook for 280 gold pieces
 17537 | D:1      | Learned a level 3 spell: Mephitic Cloud
 17544 | D:1      | Learned a level 4 spell: Olgreb's Toxic Radiance
 17550 | D:1      | Learned a level 5 spell: Freezing Cloud
 17822 | Lair:3   | Found a staircase to the Snake Pit.
 17893 | Lair:3   | Reached *** piety under Ashenzari
 18044 | Lair:3   | Reached skill level 1 in Ice Magic
 18144 | Lair:3   | Found a staircase to the Shoals.
 18222 | Lair:3   | Noticed Fannar
 18372 | Lair:3   | Reached skill level 14 in Air Magic
 18526 | Lair:3   | Killed Fannar
 19293 | Lair:4   | Reached XP level 13. HP: 68/74 MP: 10/23
 19499 | Lair:4   | Reached skill level 15 in Air Magic
 19764 | Lair:4   | Reached skill level 16 in Air Magic
 20163 | Lair:4   | Reached **** piety under Ashenzari
 20515 | Lair:4   | Reached skill level 17 in Air Magic
 20830 | Orc:1    | Entered Level 1 of the Orcish Mines
 20831 | Orc:1    | Noticed an orc warlord
 20848 | D:9      | HP: 7/74 [warg[an orc warlord] (11)]
 21219 | D:9      | Killed an orc warlord
 21393 | D:9      | Found an ornate altar of the Wu Jian Council.
 21428 | D:9      | Found a staircase to the Orcish Mines.
 21887 | Orc:1    | Reached ***** piety under Ashenzari
 21989 | Orc:2    | Entered Level 2 of the Orcish Mines
 22146 | Orc:2    | Found a bloodstained altar of Trog.
 22206 | Orc:2    | Found a staircase to the Elven Halls.
 22373 | Orc:2    | Noticed an orc warlord
 22837 | Orc:2    | Reached skill level 1 in Shields
 22937 | Orc:2    | Killed an orc warlord
 23150 | Orc:2    | Reached XP level 14. HP: 80/80 MP: 7/27
 23329 | Orc:2    | Learned a level 3 spell: Ignite Poison
 23702 | Orc:2    | Found Ewistrana's General Store.
 23706 | Orc:2    | Found Giekk's Antique Armour Emporium.
 23707 | Orc:2    | Found Wyklas's Antique Weapon Emporium.
 23708 | Orc:2    | Found Par Emelu's Jewellery Shoppe.
 23722 | Orc:2    | Bought a faintly humming robe for 153 gold pieces
 23722 | Orc:2    | Identified the +1 robe of Privacy {Harm Regen+} (You bought
                  | it in a shop on level 2 of the Orcish Mines)
 24062 | Lair:1   | Killed freelancePsychic's ghost
 24822 | Lair:5   | Found a viscous altar of Jiyva.
 24826 | Lair:5   | Found a staircase to the Slime Pits.
 25252 | Lair:6   | Entered Level 6 of the Lair of Beasts
 25611 | Lair:6   | Noticed Snorg
 25616 | Lair:6   | Noticed Urug
 25621 | Lair:6   | Killed Snorg
 25651 | Lair:6   | Killed Urug
 26536 | Lair:6   | Noticed a dire elephant
 26721 | Lair:6   | Killed a dire elephant
 27539 | Snake:1  | Entered Level 1 of the Snake Pit
 27673 | Shoals:1 | Entered Level 1 of the Shoals
 27990 | Shoals:1 | Reached XP level 15. HP: 96/96 MP: 15/31
 28091 | Shoals:1 | Reached skill level 10 in Poison Magic
 29308 | Shoals:2 | Reached skill level 10 in Fighting
 29740 | Shoals:2 | Identified Roxanne's Papyrus of the Mountains
 29740 | Shoals:2 | Noticed Roxanne
 30322 | Shoals:2 | Reached skill level 10 in Spellcasting
 30387 | Shoals:2 | Noticed Ilsuiw
 30394 | Shoals:2 | Killed Ilsuiw
 30980 | Shoals:2 | Killed Roxanne
 30981 | Shoals:2 | Reached skill level 18 in Air Magic
 31099 | Shoals:3 | Noticed Louise
 31115 | Shoals:3 | Killed Louise
 31205 | Shoals:3 | Identified the +4 ring mail of Fedhas {rPois Dex+2}
 31704 | Shoals:3 | Noticed a kraken
 31820 | Shoals:3 | Reached XP level 16. HP: 104/104 MP: 25/33
 32007 | Shoals:3 | Reached skill level 15 in Dodging
 32134 | Shoals:3 | Killed a kraken
 32272 | Shoals:3 | Noticed a kraken
 32325 | Shoals:3 | Noticed a kraken
 32538 | Shoals:3 | Killed a kraken
 32593 | Shoals:3 | Killed a kraken
 32741 | Shoals:4 | Entered Level 4 of the Shoals
 32787 | Shoals:4 | Found the +4 robe of Folly {Brilliance Will-∞ Int+8}
 32799 | Shoals:4 | Found a frozen archway.
 32818 | IceCv    | Entered an ice cave
 32832 | IceCv    | Found a transporter.
 32994 | IceCv    | Learned a level 4 spell: Summon Lightning Spire
 33003 | IceCv    | Learned a level 8 spell: Maxwell's Capacitive Coupling
 33004 | IceCv    | Found a transporter.
 33025 | IceCv    | HP: 7/104 [freezing wraith (9)]
 33027 | IceCv    | Slain by a freezing wraith

Illustrated notes

Levels and vault maps discovered:
D:1:      minmay_arrival_wavy_path, layout_loops_ring, serial_shops,
          nicolae_shop_advertising_works [nicolae_subvault_shop_adworks]
D:2:      layout_rooms
D:3:      layout_basic, nicolae_elyvilon_peaceful_grove,
          nicolae_overflow_hidden_temple, mainiacjoe_overflow_alcove_2,
          evilmike_ruin_ashenzari, hellmonk_ecumenical_altar_inner_sanctum,
          minmay_misc_feat_doors
D:4:      layout_basic, nzn_random_ring
D:5:      layout_loops_cross, chequers_serial_rivers_large_a
D:6:      layout_cave_pools, mainiacjoe_overflow_surrounded_room, temple_hall,
          grunt_ministairs_2
D:7:      layout_rooms, minmay_strange_pillars, uniq_crazy_yiuf_cottage
D:8:      layout_basic, tso_oasis_becter, mainiacjoe_overflow_catwalk_spiral,
          due_lair_maze_entry_diamond
D:9:      layout_rooms, nzn_wu_jian_council_hall, david_orc_2
D:10:     layout_roguey, mainiacjoe_overflow_cross_hatched, enter_bailey_5,
          billiards_dpeg
Temple:   hc_temple_tempest_star
Lair:1:   beast_lair_carwin_large_2, layout_small_grid, gammafunk_ghost_icy,
          infiniplex_staircase_pool, uniq_maggie
Lair:2:   statuecave_lemuel, layout_gridlike, st_stairs_5,
          chequers_serial_rivers_small_3, minivault_24,
          chequers_serial_rivers_room_a, guppyfry_lair_drakes,
          serial_bayou_shore_a, uniq_sonja
Lair:3:   layout_cave_pods, minmay_shoals_entry_hut,
          guppyfry_snake_entry_garden, beast_lair_carwin_7, uniq_fannar
Lair:4:   layout_regular_city, nicolae_lair_grazing_beasts
          [nicolae_sub_lair_graze_edge, nicolae_sub_lair_graze_edge,
          nicolae_sub_lair_graze_edge, nicolae_sub_lair_graze_edge],
          grunt_megastairs_5
Lair:5:   layout_small_grid, dpeg_slime_entry_enclosed_altar
Lair:6:   grunt_lair_end_beastmaster, layout_concentric_octagons, uniq_urug,
          uniq_snorg
Shoals:1: layout_shoals
Shoals:2: layout_shoals, uniq_ilsuiw, uniq_roxanne
Shoals:3: layout_shoals, uniq_louise
Shoals:4: shoals_end_hangedman, layout_shoals, shoals_ilsuiw_alternative,
          portal_ice_cave_entry_pillars_three, argonaut_gorgonesque
Snake:1:  layout_rooms, hellmonk_ghost_happy_afterlife, st_stairs_12,
          evilmike_ambush [evilmike_ambush_outer_basic,
          evilmike_ambush_inner_basic], uniq_nikola
Orc:1:    layout_caves, basic_altar
Orc:2:    st_orc_congregation, layout_diamond_mine, basic_altar, library_closet
IceCv:    ice_cave_statue_garden_transporter

Skill      XL: |  1  2  3  4  5  6  7  8  9 10 11 12 13 14 15 16 |
---------------+-------------------------------------------------+-----
Air Magic      | 5 6 7 8 9 12 13 14 17 18 | 18.8
Dodging        | 3 5 9 11 14 15 | 15.4
Fighting       | 1 3 4 5 6 9 10 | 10.7
Poison Magic   | 1 3 4 5 9 11 | 11.9
Spellcasting   | 3 4 5 6 8 9 10 | 10.7
Stealth        | 4 5 6 8 |  8.0
Evocations     | 2 |  2.9
Ice Magic      | 2 |  2.9
Shields        | 2 |  2.2
Conjurations   | |  1.3
Fire Magic     | |  0.8

Action                   |  1- 3 |  4- 6 |  7- 9 | 10-12 | 13-15 | 16-18 || total
-------------------------+-------+-------+-------+-------+-------+-------++-------
Melee: Unarmed           |     3 |       |       |       |       |       ||     3
       Kick              |     2 |       |     1 |     2 |    12 |     3 ||    20
       Hunting sling     |       |       |     1 |       |       |       ||     1
       Whip              |       |       |       |     5 |       |       ||     5
       Peck              |       |       |       |     3 |     5 |     2 ||    10
       Staff             |       |       |       |     1 |    18 |     3 ||    22
 Fire: Hunting sling     |     5 |       |       |       |       |       ||     5
 Cast: Shock             |    96 |   123 |   128 |   251 |    96 |       ||   694
       Static Discharge  |       |     5 |    31 |    69 |    68 |       ||   173
       Poisonous Vapours |       |     4 |    44 |   161 |   244 |    14 ||   467
       Airstrike         |       |       |    26 |    74 |   193 |    29 ||   322
       Corpse Rot        |       |       |       |     1 |       |       ||     1
       Olgreb's Toxic Ra |       |       |       |    11 |    66 |    13 ||    90
       Freezing Cloud    |       |       |       |     3 |    40 |     3 ||    46
       Mephitic Cloud    |       |       |       |     3 |    24 |       ||    27
       Ignite Poison     |       |       |       |       |   123 |    27 ||   150
       Summon Lightning  |       |       |       |       |       |     1 ||     1
Invok: Curse Item        |       |       |     1 |     4 |     4 |       ||     9
       Shatter the Chain |       |       |       |     1 |       |       ||     1
Evoke: Wand              |       |       |       |     1 |     2 |       ||     3
  Use: Scroll            |       |       |    11 |     2 |     4 |     3 ||    20
       Potion            |       |       |     2 |     1 |       |     3 ||     6
Armor: Robe              |       |     2 |     3 |     4 |       |       ||     9
       Steam dragon scal |       |       |       |    12 |    30 |     3 ||    45
Dodge: Dodged            |    13 |    24 |    71 |   175 |   259 |    45 ||   587
Block: Buckler           |       |       |       |       |    39 |     6 ||    45

Table legend: (Time is in decaauts)
 A = Elapsed time spent in this place.
 B = Non-inter-level travel time spent in this place.
 C = Inter-level travel time spent in this place.
 D = Time resting spent in this place.
 E = Time spent auto-exploring this place.
 F = Levels seen in this place.
 G = Mean time per level.
                   A        B        C        D        E       F      G
               +--------+--------+--------+--------+--------+-----+--------+
         Total |  31563 |  29619 |   1944 |   6285 |  17764 |  26 | 1214.0 |
       Dungeon |  14804 |  13683 |   1121 |   3518 |   7880 |  10 | 1480.4 |
        Temple |    255 |    226 |     29 |      0 |    214 |   1 |  255.0 |
          Lair |   8502 |   7933 |    569 |    980 |   5462 |   6 | 1417.0 |
        Shoals |   4923 |   4878 |     45 |   1298 |   2724 |   4 | 1230.8 |
     Snake Pit |      2 |      2 |      0 |      0 |      0 |   1 |    2.0 |
  Orcish Mines |   2463 |   2286 |    177 |    286 |   1317 |   2 | 1231.5 |
        Bailey |    404 |    404 |      0 |     71 |    165 |   1 |  404.0 |
      Ice Cave |    206 |    206 |      0 |    132 |      0 |   1 |  206.0 |
               +--------+--------+--------+--------+--------+-----+--------+

Top non-repeatable levels by time:
     D:4: 2714 daAuts
     D:5: 2310 daAuts
     D:8: 2047 daAuts
  Lair:3: 1990 daAuts
     D:9: 1927 daAuts
  Lair:1: 1876 daAuts
Shoals:2: 1843 daAuts
   Orc:2: 1839 daAuts
     D:1: 1628 daAuts
Shoals:3: 1622 daAuts
  Lair:6: 1453 daAuts
     D:6: 1394 daAuts
Shoals:1: 1385 daAuts
     D:3: 1298 daAuts
  Lair:4: 1126 daAuts
